Map: Torches LE

Players

IIIIIIIII - Winner!

  • Race: Terran Terran
  • League: Grandmaster
  • Spawn Location: 1:00

Nicoract

  • Race: Terran Terran
  • League: Grandmaster
  • Spawn Location: 5:00

VOD

Have the link to the VOD?

Description

Time

  • Played on: Aug. 18, 2025, 6:24 a.m.
  • Length: 9:34
Show
View Real Time Build Order
Export as new Build Order

IIIIIIIII Terran - Winner!

Build Orders:  

Get SALT Encoding   

  12  0:00  SCV  
  13  0:12  SCV  
  14  0:17  Supply Depot  
  14  0:24  SCV  
  15  0:29  Refinery  
  15  0:38  SCV  
  16  0:44  Barracks  
  16  0:50  SCV  
  16  0:55  Refinery  
  17  1:03  SCV  
  18  1:15  SCV  
  19  1:31  Orbital Command, Reaper  
  20  1:35  Factory  
  20  1:44  Supply Depot  
  20  1:57  SCV  
  21  2:03  Reaper  
  22  2:13  SCV  
  23  2:22  Hellion  
  25  2:26  Command Center  
  25  2:29  SCV  
  26  2:38  Barracks Reactor  
  26  2:41  SCV  
  26  2:43  Supply Depot  
  27  2:45  Factory Tech Lab  
  27  2:53  SCV  
  27  2:56  Starport  
  27  3:09  Cyclone  
  29  3:13  SCV  
  29  3:15  Marine x2  
  32  3:25  SCV  
  31  3:35  Refinery, Marine  
  31  3:36  Marine  
  31  3:37  Medivac  
  31  3:38  Orbital Command  
  33  3:44  SCV  
  31  3:53  Cyclone  
  31  3:54  Marine x2  
  36  3:56  SCV  
  37  4:05  SCV  
  37  4:08  SCV  
  39  4:10  Starport Tech Lab  
  39  4:12  Marine x2  
  41  4:18  SCV, Supply Depot  
  41  4:21  SCV  
  43  4:30  Marine  
  44  4:31  Raven  
  44  4:32  Siege Tank  
  44  4:33  SCV  
  44  4:35  SCV  
  51  4:43  Marine  
  51  4:45  Interference Matrix, SCV  
  53  4:47  SCV, Marine  
  53  4:51  Supply Depot  
  55  4:57  SCV  
  55  4:59  SCV  
  56  5:09  SCV  
  56  5:10  Raven, Siege Tank  
  56  5:14  SCV  
  63  5:15  Supply Depot  
  63  5:18  Marine x2  
  63  5:22  SCV  
  63  5:26  SCV  
  65  5:30  Supply Depot  
  65  5:35  SCV  
  66  5:36  Marine x2  
  66  5:38  SCV  
  69  5:44  Siege Tank  
  69  5:45  Raven  
  69  5:48  SCV  
  75  5:50  SCV  
  75  5:52  Supply Depot  
  75  5:54  Marine x2  
  78  6:00  Command Center  
  78  6:01  SCV  
  79  6:05  SCV  
  80  6:14  Supply Depot  
  80  6:15  SCV  
  80  6:17  Siege Tank  
  84  6:19  Refinery  
  84  6:25  Marine  
  84  6:26  Stimpack  
  84  6:28  Starport Reactor, SCV x2  
  84  6:30  Barracks x2  
  87  6:38  Engineering Bay  
  87  6:39  Engineering Bay  
  87  6:40  SCV  
  87  6:43  Marine  
  84  6:53  Siege Tank  
  74  6:56  SCV  
  74  6:58  SCV  
  71  7:06  Terran Infantry Weapons Level 1, Terran Infantry Armor Level 1  
  71  7:08  SCV  
  71  7:09  Marine  
  71  7:10  SCV  
  73  7:15  Orbital Command  
  73  7:17  Starport Reactor  
  73  7:18  Marine x2  
  73  7:20  SCV  
  76  7:27  Barracks  
  76  7:32  Siege Tank  
  76  7:33  Marine x3  
  76  7:34  Barracks  
  76  7:36  SCV, Marine x2  
  86  7:37  SCV  
  86  7:42  Supply Depot  
  86  7:49  SCV x2  
  86  7:50  Orbital Command, Marine  
  86  7:51  Marine x2  
  91  7:53  Medivac x2  
  95  8:02  Marine x2  
  95  8:04  Siege Tank  
  95  8:05  Combat Shield  
  100  8:06  Armory  
  100  8:08  Marine x3  
  100  8:09  SCV x2  
  105  8:17  Barracks Reactor  
  105  8:20  Marine x2  
  105  8:21  SCV  
  105  8:26  Marine x3  
  111  8:29  Marine  
  111  8:30  Medivac  
  114  8:36  Siege Tank  
  114  8:38  Marine x2  
  116  8:44  Marine x3  
  116  8:47  SCV x2  
  116  8:48  SCV  
  116  8:49  Refinery  
  116  8:50  Refinery  
  116  8:51  Supply Depot  
  116  8:54  Supply Depot, Marine x2  
  116  8:55  Barracks Reactor  
  117  8:56  Marine x2  
  117  8:59  SCV  
  117  9:00  SCV x2  
  117  9:02  Marine x2  
  124  9:05  Marine  
  125  9:12  SCV x3, Marine x2  
  125  9:13  Marine  
  125  9:14  Marine  
Show
View Real Time Build Order
Export as new Build Order

Nicoract Terran 

Build Orders:  

Get SALT Encoding   

  12  0:00  SCV  
  13  0:12  SCV  
  14  0:17  Supply Depot  
  14  0:24  SCV  
  15  0:38  SCV  
  15  0:39  Barracks  
  16  0:43  Refinery  
  16  0:50  SCV  
  16  0:53  Refinery  
  17  1:02  SCV  
  18  1:15  SCV  
  19  1:27  Orbital Command, Reaper  
  19  1:28  Supply Depot  
  20  1:42  Factory  
  20  1:54  SCV  
  20  1:59  Reaper  
  22  2:06  SCV  
  22  2:18  SCV  
  23  2:23  Command Center  
  23  2:29  Hellion  
  25  2:32  Reaper  
  26  2:39  SCV  
  26  2:40  Supply Depot  
  27  2:50  Hellion  
  28  3:08  Barracks Reactor  
  28  3:11  SCV  
  28  3:17  Starport  
  28  3:18  Factory Tech Lab  
  28  3:26  SCV  
  28  3:37  Cyclone  
  28  3:38  SCV  
  32  3:47  Refinery  
  33  3:50  Orbital Command, SCV  
  33  3:53  Marine x2  
  33  3:55  Starport Tech Lab  
  34  4:02  SCV  
  35  4:10  Cyclone  
  35  4:11  Marine x2  
  35  4:14  SCV  
  35  4:16  SCV  
  42  4:17  Raven  
  42  4:22  Supply Depot  
  44  4:24  Interference Matrix  
  44  4:26  SCV  
  44  4:28  SCV  
  44  4:30  Marine x2  
  48  4:38  SCV  
  48  4:40  SCV  
  48  4:42  Siege Tank  
  53  4:49  Marine x2  
  53  4:50  SCV  
  53  4:52  SCV  
  57  5:02  SCV  
  57  5:04  SCV  
  57  5:06  Raven  
  58  5:14  SCV  
  58  5:16  SCV, Siege Tank  
  62  5:26  Marine x2  
  62  5:27  SCV  
  62  5:28  SCV, Supply Depot  
  66  5:39  SCV, Supply Depot  
  66  5:40  SCV, Raven  
  70  5:49  Marine x2  
  72  5:51  SCV, Supply Depot  
  72  5:52  Siege Tank  
  72  5:53  SCV  
  77  6:02  Supply Depot  
  77  6:06  SCV  
  77  6:07  SCV  
  79  6:13  Command Center  
  79  6:18  SCV  
  79  6:19  SCV  
  81  6:26  Barracks, Marine  
  81  6:27  Stimpack, Barracks  
  81  6:29  Siege Tank  
  85  6:34  Refinery  
  85  6:36  SCV  
  85  6:37  SCV  
  87  6:44  Viking  
  77  6:48  SCV  
  77  6:49  SCV  
  69  6:59  Marine  
  69  7:00  SCV  
  69  7:01  SCV  
  67  7:02  Siege Tank  
  68  7:14  Engineering Bay x2  
  68  7:16  Barracks Reactor x2  
  68  7:18  Viking x2  
  68  7:20  SCV x2  
  72  7:26  Orbital Command  
  72  7:32  Barracks  
  72  7:34  Barracks, Marine  
  72  7:35  SCV x2  
  75  7:39  Siege Tank  
  78  7:48  SCV x2  
  80  7:52  SCV  
  80  7:54  Marine  
  80  7:55  Marine  
  80  7:56  Marine x2  
  80  7:58  Marine  
  86  8:00  SCV x2  
  86  8:02  Viking  
  86  8:04  Viking  
  92  8:08  SCV  
  93  8:13  Supply Depot  
  93  8:15  Supply Depot  
  93  8:19  SCV x2  
  94  8:20  SCV  
  94  8:23  Barracks Reactor x2  
  94  8:25  Marine x2  
  96  8:28  Marine x2  
  96  8:34  SCV x2  
  96  8:36  Medivac x2  
  96  8:38  SCV  
  99  8:46  SCV x2  
  99  8:50  SCV  
  99  8:52  Barracks Tech Lab, Sensor Tower  
  100  8:57  Marine x4  
  100  8:58  SCV  
  100  9:00  Marine  
  100  9:01  Marine x2  
  108  9:05  SCV x2  
  110  9:11  Refinery x2, Armory  
  110  9:14  Marine  
  110  9:15  Marine x4  
  119  9:20  Supply Depot  
  119  9:23  Supply Depot x2  
Tags
 
Add a new tag
Caveats
  • Supply blocks, unpowered buildings, or Contaminate may cause inaccurate times.
  • Supply counts are checked every 10 seconds.